 Dungeon Crawl Stone Soup version 0.27-a0-1532-gca18f49f40 (webtiles) character file.

Game seed: 9858369819336425229

120 Sin92 the Skirmisher (level 4, 0/36 HPs)
             Began as a Demonspawn Fighter on July 12, 2021.
             Slain by Menkaure (12 damage)
             ... on level 4 of the Dungeon.
             The game lasted 00:05:26 (3519 turns).

Sin92 the Skirmisher (Demonspawn Fighter)           Turns: 3519, Time: 00:05:27

Health: 0/36       AC: 12    Str: 16    XL:     4   Next: 75%
Magic:  4/4        EV: 12    Int: 10    God:
Gold:   84         SH:  9    Dex: 13    Spells: 3/3 levels left

rFire    . . .     SeeInvis .   a - +0 long sword
rCold    . . .     Faith    .   c - +0 kite shield
rNeg     . . .     Spirit   .   b - +0 scale mail
rPois    .         Reflect  .   k - +0 helmet
rElec    .         Harm     .   (no cloak)
rCorr    .         Rampage  .   (no gloves)
Will     .....                  (no boots)
Stlth    ..........             (no amulet)
HPRegen  0.12/turn              p - +4 ring of protection
MPRegen  0.09/turn              (no ring)

@: agile
A: powered by pain 1, spiny 1
a: no special abilities


You were on level 4 of the Dungeon.
You visited 1 branch of the dungeon, and saw 4 of its levels.

You collected 84 gold pieces.

Inventory:

Hand Weapons
 a - a +0 long sword (weapon)
 i - a +1 whip of electrocution
Armour
 b - a +0 scale mail (worn)
 c - a +0 kite shield (worn)
 k - a +0 helmet (worn)
Jewellery
 p - a +4 ring of protection (left hand)
Scrolls
 e - 3 scrolls of enchant weapon {unknown}
 g - 3 scrolls of identify {unknown}
 m - 4 scrolls of fear {unknown}
 n - a scroll of torment {unknown}
 o - a scroll of teleportation
Potions
 d - a potion of might
 f - 4 potions of curing {unknown}
 h - a potion of heal wounds {unknown}
 j - a potion of flight {unknown}
 l - a potion of mutation {unknown}
 q - 2 potions of lignification {unknown}
 r - a potion of haste {unknown}


   Skills:
 + Level 3.6 Fighting
 + Level 2.5 Long Blades
 + Level 3.2 Armour
 + Level 1.5 Dodging
 + Level 3.3 Shields


You had 3 spell levels left.
You didn't know any spells.
Your spell library was empty.

Dungeon Overview and Level Annotations

Branches:
Dungeon (4/15)
 Temple: D:4-7

Altars:
Elyvilon
Qazlal
Vehumet

Annotations:
D:4 Menkaure


Innate Abilities, Weirdness & Mutations

You sometimes gain a little power by taking damage.
You are partially covered in sharp spines.


Message History

You now have 84 gold pieces (gained 7).
Found a ring mail.
No target in view!
q - 2 orange potions (gained 1)
A hobgoblin comes into view.
The hobgoblin shouts!
You block the hobgoblin's attack.
You slash the hobgoblin!
You kill the hobgoblin!
A quokka comes into view.
A quokka is nearby!
A quokka is nearby!
You slash the quokka!
You kill the quokka!
Menkaure, Prince of Dust comes into view.
Menkaure shouts!
Menkaure mumbles some strange words.
Menkaure seems to speed up.
Menkaure is nearby!
You hit Menkaure.
Menkaure is lightly damaged.
Menkaure hits you but does no damage.
Menkaure is nearby!
You hit Menkaure but do no damage.
Menkaure is lightly damaged.
You block Menkaure's attack. Menkaure is struck by your spines.
Menkaure barely misses you.
Menkaure is nearby!
You slash Menkaure!
Menkaure is heavily damaged.
Menkaure grins.
Menkaure closely misses you.
Menkaure calls on the powers of darkness!
Your body is wracked with pain!
You focus on the pain.
You feel agile all of a sudden.
You closely miss Menkaure.
Menkaure is heavily damaged.
Menkaure points at you and mumbles some strange words.
Pain shoots through your body! Menkaure hits you!
You die...

#.#
#.....##.#..#
#.# #.....
#.#..# #.#
###### #.....
#.# ## ####.#
#.# #.# #.
#.# #.# . #.#
#.# ## #.##M#
#..@# ####.#
#.# #.# #.#
##


You could see Menkaure (fast).

Vanquished Creatures
  2 adders
  A river rat (D:3)
  A dart slug (D:1)
  7 orcs (D:3)
  6 ball pythons
  2 endoplasms
  5 giant cockroaches
  6 goblins
  9 hobgoblins
  4 jackals (D:1)
  10 kobolds
  8 quokkas
  5 bats
  3 frilled lizards (D:1)
  8 rats
77 creatures vanquished.

Notes
Turn   | Place    | Note
-------+----------+-------------------------------------------
     0 | D:1      | Sin92 the Demonspawn Fighter began the quest for the Orb.
     0 | D:1      | Reached XP level 1. HP: 18/18 MP: 1/1
   320 | D:1      | Gained mutation: You sometimes gain a little power by
                  | taking damage. [demonic ancestry]
   320 | D:1      | Reached XP level 2. HP: 18/24 MP: 2/2
  1052 | D:1      | Reached XP level 3. HP: 29/29 MP: 3/3
  1539 | D:1      | Reached skill level 1 in Dodging
  2689 | D:3      | Found a radiant altar of Vehumet.
  2720 | D:3      | Gained mutation: You are partially covered in sharp spines.
                  | [demonic ancestry]
  2720 | D:3      | Reached XP level 4. HP: 21/35 MP: 4/4
  2823 | D:3      | Found a glowing drain.
  3316 | D:3      | Found a stormy altar of Qazlal.
  3514 | D:4      | Noticed Menkaure
  3519 | D:4      | Slain by Menkaure

Illustrated notes

Levels and vault maps discovered:
D:1:      dpeg_arrival_tiny_a, layout_basic
D:2:      layout_basic
D:3:      layout_basic, nicolae_qazlal_eye_of_the_storm,
          mainiacjoe_overflow_catwalk, elyvilon_altar_1, portal_sewer_entry_a,
          hex_large
D:4:      kennysheep_spiral_hall, layout_loops_cross, uniq_edmund,
          uniq_menkaure, uniq_sigmund, uniq_blork_the_orc

Skill      XL: |  1  2  3 |
---------------+----------+-----
Long Blades    | 2 |  2.5
Shields        | 3 |  3.3
Armour         | 3 |  3.2
Dodging        | 1 |  1.5
Fighting       | |  3.6

Action                   |  1- 3 |  4- 6 || total
-------------------------+-------+-------++-------
Melee: Long sword        |   171 |    50 ||   221
  Use: Scroll            |     3 |       ||     3
Armor: Scale mail        |    95 |    40 ||   135
Dodge: Dodged            |    68 |    19 ||    87
Block: Kite shield       |    89 |    40 ||   129
       Rpst.: Long sword |    16 |     5 ||    21

Table legend: (Time is in decaauts)
 A = Elapsed time spent in this place.
 B = Non-inter-level travel time spent in this place.
 C = Inter-level travel time spent in this place.
 D = Time resting spent in this place.
 E = Time spent auto-exploring this place.
 F = Levels seen in this place.
 G = Mean time per level.
                   A        B        C        D        E       F      G
               +--------+--------+--------+--------+--------+-----+--------+
         Total |   3639 |   3499 |    140 |    196 |   2505 |   4 |  909.8 |
       Dungeon |   3639 |   3499 |    140 |    196 |   2505 |   4 |  909.8 |
               +--------+--------+--------+--------+--------+-----+--------+

Top non-repeatable levels by time:
     D:1: 1691 daAuts
     D:3: 981 daAuts
     D:2: 858 daAuts
     D:4: 107 daAuts
